 Dungeon Crawl Stone Soup version 0.18-a0-1577-gf591c28 (webtiles) character file.

19490 Duffy the Cleaver (level 12, -1/112 HPs)
             Began as a Deep Dwarf Gladiator on Mar 21, 2016.
             Was the Champion of Makhleb.
             Slain by an eight-headed hydra (2 damage)
             ... on level 4 of the Lair of Beasts.
             The game lasted 00:26:20 (12333 turns).

Duffy the Cleaver (Deep Dwarf Gladiator)           Turns: 12333, Time: 00:26:20

Health: -1/112     AC: 24    Str: 20    XL:     12   Next: 37%
Magic:  16/16      EV: 10    Int: 12    God:    Makhleb [******]
Gold:   508        SH:  0    Dex: 17    Spells: 0 memorised, 11 levels left

rFire  + . .     SeeInvis .     T - +1 battleaxe
rCold  + . .     Gourm    .     U - +4 plate armour "Voipnuew" {rElec rC+}
rNeg   . . .     Faith    .     (shield currently unavailable)
rPois  .         Spirit   .     s - +0 helmet {Int+3}
rElec  +         Dismiss  .     W - +0 cloak
rCorr  .         Reflect  .     (no gloves)
SustAt .         Harm     .     (no boots)
MR     +....                    p - amulet of rage
Stlth  ..........               y - +3 ring of protection
                                l - ring of protection from fire

@: non-regenerating, drained, somewhat resistant to hostile enchantments,
extremely unstealthy
A: damage resistance, recharge devices, sense surroundings 2, slow regeneration
3
a: Device Recharging, Minor Destruction, Lesser Servant of Makhleb, Major
Destruction, Greater Servant of Makhleb, Renounce Religion, Evoke Berserk Rage


You were on level 4 of the Lair of Beasts.
You worshipped Makhleb.
Makhleb was exalted by your worship.
You were not hungry.

You visited 2 branches of the dungeon, and saw 14 of its levels.

You collected 771 gold pieces.
You spent 263 gold pieces at shops.


Innate Abilities, Weirdness & Mutations

You are resistant to damage.
You can recharge devices by infusing magical energy.
You passively map the area around you.
You do not regenerate naturally.


   Skills:
 + Level 8.4(8.3) Fighting
 * Level 14.6(14.5) Axes
 - Level 1.8(1.7) Throwing
 + Level 10.6(10.5) Armour
 - Level 7.0(6.9) Dodging
 - Level 5.8(5.7) Invocations
 - Level 4.8 Evocations


You had 11 spell levels left.
You didn't know any spells.

Inventory:

Hand Weapons
 h - a +3 scimitar of flaming
 m - a +2 whip of electrocution
 T - a +1 battleaxe (weapon)
Missiles
 d - 3 throwing nets
 k - 8 javelins (quivered)
 C - 2 poisoned tomahawks
 D - 23 poisoned needles
Armour
 s - a +0 helmet of intelligence (worn)
 U - the +4 plate armour "Voipnuew" (worn) {rElec rC+}

   It protects you from cold.
   It insulates you from electricity.
 W - a +0 cloak (worn)
Jewellery
 l - a ring of protection from fire (left hand)
 p - an amulet of rage (around neck)
 y - a +3 ring of protection (right hand)
 Y - an uncursed amulet of faith {unknown}
Wands
 e - a wand of heal wounds (6/9)
 n - a wand of enslavement (11/24)
 A - a wand of flame (34/48)
 F - a wand of iceblast (9/15)
 O - a wand of acid (10/15)
 Q - a wand of polymorph (5/24)
 V - a wand of paralysis (14/24)
 Z - a wand of paralysis (9/24)
Scrolls
 a - a scroll of fear
 g - 7 scrolls of recharging
 i - 6 scrolls of remove curse
 j - 10 scrolls of teleportation
 o - 6 scrolls of enchant weapon
 v - 4 scrolls of magic mapping
 B - 2 scrolls of enchant armour
 E - 5 scrolls of amnesia {unknown}
 J - a scroll of blinking
 N - 3 scrolls of fog
Potions
 b - a potion of resistance
 r - a potion of flight
 w - a potion of agility
 x - 4 potions of curing
 z - a potion of might
 G - a potion of magic
 H - 2 potions of heal wounds
 I - 3 potions of lignification
 M - a potion of haste
 P - a potion of ambrosia
Miscellaneous
 X - a fan of gales
Comestibles
 f - 8 bread rations
 q - 16 meat rations
 t - 2 beef jerkies
 u - 6 fruits
 K - a royal jelly
 L - 4 slices of pizza
 R - 5 chunks of flesh

Dungeon Overview and Level Annotations

Branches:
Dungeon (10/15)            Temple (0/1) D:6            Lair (4/8) D:8
 Shoals (0/4) Lair:4
  Snake: Lair:3-6    Spider: Lair:3-6       Orc: D:9-12

Altars:
Ashenzari
Dithmenos
Elyvilon
Fedhas
Kikubaaqudgha
Makhleb
Nemelex Xobeh
Okawaru
Qazlal
Ru
Trog
Yredelemnul

Shops:
D:4 ?

Annotations:
Lair:1 exclusion: oklob plant


Message History

The eight-headed hydra bites you but does no damage. x2
The eight-headed hydra bites you but does no damage.
The eight-headed hydra barely misses you.
The eight-headed hydra bites you but does no damage. x5
The eight-headed hydra bites you.
The eight-headed hydra closely misses you.
The eight-headed hydra bites you but does no damage.
The eight-headed hydra barely misses you.
The eight-headed hydra bites you but does no damage.
The eight-headed hydra closely misses you.
The eight-headed hydra bites you.
The eight-headed hydra bites you but does no damage. x2
The eight-headed hydra bites you but does no damage.
The eight-headed hydra bites you.
The eight-headed hydra closely misses you.
The eight-headed hydra bites you but does no damage. x2
The eight-headed hydra closely misses you. x2
The eight-headed hydra bites you!
The eight-headed hydra barely misses you.
The eight-headed hydra closely misses you.
The eight-headed hydra bites you but does no damage. x2
The eight-headed hydra bites you!
The eight-headed hydra closely misses you. x2
The eight-headed hydra bites you but does no damage.
The eight-headed hydra closely misses you.
The eight-headed hydra bites you!
The eight-headed hydra closely misses you.
The eight-headed hydra bites you but does no damage. x2
The eight-headed hydra bites you.
The eight-headed hydra bites you but does no damage.
The eight-headed hydra completely misses you.
The eight-headed hydra closely misses you.
The eight-headed hydra barely misses you.
The eight-headed hydra bites you.
You die...

.#....... , ......# ,
##......##.. #......## ,, .
##...#.P##..## , ........# ..
.#P.....#......, #.....#, * .#
............... , ##.....#####.#
.......)....P..#####PP...........
............P....#..P............
.....................%...........
...............D@................
########....................#..PP
P# * ......#..P..##.....###.##
.######......#####..##......##.##
#.#..P##.....###.#..##......+...#
..#..###.....##....###.....#P...#
.....##.......#.....P.....##....'
.##.####..................##....#
#.#####......P##.P##......###...#


You could see an eight-headed hydra.

Action                   |  1- 3 |  4- 6 |  7- 9 | 10-12 || total
-------------------------+-------+-------+-------+-------++-------
Melee: War axe           |    41 |       |       |       ||    41
       Whip              |    37 |   177 |   384 |   384 ||   982
       Battleaxe         |       |       |       |   305 ||   305
 Abil: Evoke Berserk Rag |     1 |     3 |    14 |    23 ||    41
Evoke: Wand              |     2 |     1 |     1 |       ||     4
  Use: Scroll            |       |       |    13 |     8 ||    21
       Potion            |       |       |     1 |       ||     1
  Eat: Chunk             |       |     8 |    25 |    35 ||    68
       Fruit             |       |       |       |     2 ||     2

Notes
Turn   | Place    | Note
--------------------------------------------------------------
     0 | D:1      | Duffy the Deep Dwarf Gladiator began the quest for the Orb.
     0 | D:1      | Reached XP level 1. HP: 19/19 MP: 1/1
   111 | D:1      | Reached XP level 2. HP: 23/26 MP: 2/2
   159 | D:1      | Reached skill level 4 in Axes
   632 | D:1      | Reached XP level 3. HP: 32/32 MP: 3/3
   934 | D:2      | Reached skill level 1 in Evocations
  1003 | D:2      | Noticed Ijyb
  1011 | D:2      | Killed Ijyb
  1011 | D:2      | Reached skill level 5 in Axes
  1011 | D:2      | Reached XP level 4. HP: 32/39 MP: 3/5
  1098 | D:2      | Reached skill level 2 in Evocations
  1372 | D:2      | Found a basalt altar of Yredelemnul.
  1409 | D:2      | Found a shadowy altar of Dithmenos.
  1563 | D:2      | Noticed Robin
  1586 | D:2      | Killed Robin
  1823 | D:3      | Reached skill level 3 in Evocations
  1858 | D:3      | Noticed Grinder
  1872 | D:3      | Killed Grinder
  1872 | D:3      | Reached skill level 6 in Axes
  1872 | D:3      | Reached skill level 4 in Evocations
  1872 | D:3      | Reached XP level 5. HP: 23/45 MP: 6/8
  1872 | D:3      | Reached XP level 6. HP: 26/52 MP: 6/9
  1980 | D:3      | Found a burning altar of Makhleb.
  1988 | D:3      | Became a worshipper of Makhleb the Destroyer
  2059 | D:3      | Reached skill level 7 in Axes
  2359 | D:3      | Reached * piety under Makhleb
  2405 | D:3      | Reached skill level 2 in Fighting
  2749 | D:4      | Reached XP level 7. HP: 47/61 MP: 10/10
  2900 | D:4      | Found Inuawiets's Magic Scroll Shoppe.
  2917 | D:4      | Bought a scroll of identify for 22 gold pieces
  2917 | D:4      | Bought a scroll of identify for 22 gold pieces
  2917 | D:4      | Bought a scroll of identify for 22 gold pieces
  2917 | D:4      | Bought a scroll of identify for 22 gold pieces
  2917 | D:4      | Bought a scroll of fog for 22 gold pieces
  3253 | D:4      | Reached skill level 3 in Fighting
  3403 | D:5      | Entered Level 5 of the Dungeon
  3513 | D:5      | Reached skill level 8 in Axes
  3930 | D:5      | Reached skill level 1 in Armour
  3942 | D:5      | Reached skill level 2 in Armour
  4093 | D:5      | Reached ** piety under Makhleb
  4101 | D:5      | Reached XP level 8. HP: 57/69 MP: 11/11
  4206 | D:4      | Bought a scroll of teleportation for 33 gold pieces
  4255 | D:6      | Noticed Pikel
  4276 | D:6      | Killed Pikel
  4276 | D:6      | Reached skill level 9 in Axes
  4276 | D:6      | Reached skill level 4 in Armour
  4332 | D:6      | Reached skill level 5 in Armour
  4431 | D:6      | Found a staircase to the Ecumenical Temple.
  4743 | D:6      | Reached skill level 10 in Axes
  4819 | D:7      | Found a blossoming altar of Fedhas.
  4861 | D:7      | Gained mutation: You passively map the area around you. [Deep Dwarf growth]
  4861 | D:7      | Reached XP level 9. HP: 72/76 MP: 12/12
  4894 | D:7      | Reached skill level 6 in Armour
  4903 | D:7      | Found a sparkling altar of Nemelex Xobeh.
  5043 | D:7      | Found a white marble altar of Elyvilon.
  5279 | D:7      | Found a sacrificial altar of Ru.
  5581 | D:7      | Found a bloodstained altar of Trog.
  5582 | D:7      | Found an iron altar of Okawaru.
  5759 | D:4      | Bought a scroll of magic mapping for 38 gold pieces
  5759 | D:4      | Bought a scroll of enchant weapon for 82 gold pieces
  5834 | D:8      | Noticed Grum
  5844 | D:7      | Reached skill level 4 in Fighting
  5854 | D:7      | Reached skill level 4 in Dodging
  5876 | D:7      | Killed Grum
  5978 | D:8      | Found an ancient bone altar of Kikubaaqudgha.
  6046 | D:8      | Reached *** piety under Makhleb
  6131 | D:8      | Noticed Joseph
  6165 | D:8      | Killed Joseph
  6165 | D:8      | Reached skill level 5 in Dodging
  6241 | D:8      | Found a sacrificial altar of Ru.
  6290 | D:8      | Reached skill level 7 in Armour
  6409 | D:8      | Found a staircase to the Lair.
  6479 | D:8      | Reached skill level 5 in Fighting
  6531 | D:8      | Got a scorched plate armour
  6614 | D:7      | Identified the +4 plate armour "Voipnuew" {rElec rC+} (You found it on level 8 of the Dungeon)
  6634 | D:8      | Reached skill level 11 in Axes
  6808 | D:8      | Reached XP level 10. HP: 88/88 MP: 0/13
  6839 | D:8      | Noticed Erica
  6848 | D:8      | Killed Erica
  7078 | D:8      | Reached skill level 8 in Armour
  7083 | D:8      | Reached **** piety under Makhleb
  7427 | D:9      | Found a shattered altar of Ashenzari.
  7501 | D:9      | Reached skill level 6 in Fighting
  7670 | D:9      | Found a stormy altar of Qazlal.
  7915 | D:9      | Reached skill level 12 in Axes
  7941 | D:9      | Reached skill level 9 in Armour
  8095 | D:10     | Entered Level 10 of the Dungeon
  8132 | D:10     | Reached skill level 7 in Fighting
  8193 | D:10     | Noticed Josephine
  8259 | D:9      | Killed Josephine
  8259 | D:9      | Reached XP level 11. HP: 100/100 MP: 14/14
  8864 | D:10     | Noticed a hill giant
  8866 | D:10     | Reached ***** piety under Makhleb
  8876 | D:10     | Killed a hill giant
  8933 | D:10     | Reached skill level 10 in Armour
  9060 | D:10     | Reached skill level 1 in Invocations
  9146 | Lair:1   | Entered Level 1 of the Lair of Beasts
  9146 | Lair:1   | Noticed M4edhros's ghost (journeyman OpAr)
  9163 | Lair:1   | Killed M4edhros's ghost
  9163 | Lair:1   | Reached skill level 2 in Invocations
  9240 | Lair:1   | Reached skill level 3 in Invocations
  9346 | Lair:1   | Reached skill level 13 in Axes
  9531 | Lair:1   | Reached skill level 4 in Invocations
  9600 | Lair:1   | Noticed an oklob plant
  9642 | Lair:1   | Reached skill level 5 in Invocations
 10152 | Lair:2   | Reached skill level 6 in Dodging
 10515 | Lair:2   | Reached skill level 7 in Dodging
 10894 | Lair:3   | Reached XP level 12. HP: 79/110 MP: 16/16
 10983 | Lair:3   | Reached skill level 14 in Axes
 11063 | Lair:3   | Reached skill level 8 in Fighting
 11886 | Lair:4   | Found a staircase to the Shoals.
 11916 | Lair:4   | Reached ****** piety under Makhleb
 12201 | Lair:4   | Got a steaming greatsling
 12300 | Lair:4   | Noticed an eight-headed hydra
 12333 | Lair:4   | Slain by an eight-headed hydra

Vault maps used:
D:1:      dpeg_arrival_rooms_b, minmay_misc_feat_pillars,
          hangedman_feature_mirror, minmay_misc_feat_secret_circle
D:2:      minmay_door_path, grunt_dithmenos_smoke_and_mirrors,
          yredelemnul_altar_generic, first_bread, uniq_iyjb, uniq_robin
D:3:      kennysheep_goblin_castle, nicolae_overflow_crystal_walls, uniq_grinder
D:4:      serial_shops, nicolae_shop_competitors_out_of_business,
          minmay_misc_feat_x
D:5:      amethyst_killhole
D:6:      temple_pool_a, uniq_pikel
D:7:      grunt_temple_overflow_bloody_war, fedhas_altar_3, lemuel_round_altar,
          lemuel_crystal_altar, nicolae_ru_sacrificial_ziggurat
D:8:      old_standard_altar, lemuel_zombie_altar_kikubaaqudgha, uniq_erica,
          uniq_joseph, uniq_grum
D:9:      lemuel_doored_altar, overflow_temple_1_default
D:10:     uniq_josephine
Lair:1:   lemuel_oklob_altar
Lair:2:   minivault_26
Lair:4:   minmay_shoals_entry_centaurs, guppyfry_snake_entry_garden

Vanquished Creatures
  Josephine
  The ghost of M4edhros the Blocker, a journeyman OpAr of Xom Erica
  A hill giant Pikel Joseph
  4 spiny frogs
  4 komodo dragons
  2 trolls
  A polar bear Grinder
  3 blink frogs
  A wyvern
  4 wraiths
  26 yaks
  4 hippogriffs
  2 hungry ghosts Grum
  3 basilisks
  4 vampire mosquitoes
  A water moccasin
  2 ice beasts
  2 porcupines
  5 orc warriors
  A sky beast
  A slave
  An eye of draining
  6 centaurs
  4 ogres
  A phantom
  6 wolves
  5 crocodiles
  11 giant frogs
  A scorpion
  9 killer bees
  4 wights
  2 howler monkeys
  6 crimson imps
  A giant frog zombie
  A centaur zombie
  4 hounds
  A jelly
  A centaur skeleton
  8 orc priests
  A giant frog skeleton
  9 orc wizards
  2 gnoll shamans
  4 iguanas Ijyb
  6 hell rats
  7 worker ants
  7 sheep
  2 hound skeletons
  3 howler monkey skeletons Robin
  10 gnolls
  19 river rats
  8 adders
  An ooze
  2 adder skeletons
  2 dart slugs
  7 giant geckos
  37 orcs
  A ball python
  3 bat zombies
  5 giant cockroaches
  28 goblins
  10 hobgoblins
  7 jackals
  7 kobolds
  3 quokkas
  7 bats
  3 giant newts
  9 rats
  2 fungi
  8 plants
372 creatures vanquished.
